 Dungeon Crawl Stone Soup version 0.28-a0-1080-g05a166d0ed (webtiles) character file.

Game seed: 17273770737991167948

1176 Redcow54321 the Gouger (level 8, -12/32 (34) HPs)
             Began as a Felid Berserker on Dec 9, 2021.
             Was a High Priest of Trog.
             Killed from afar by an acid dragon (28 damage)
             ... with a splash of acid
             ... on level 9 of the Dungeon.
             The game lasted 00:17:40 (8686 turns).

Redcow54321 the Gouger (Felid Berserker)            Turns: 8686, Time: 00:17:41

HP:   -12/32 (34)   AC:  2    Str: 17    XL:     8   Next: 18%
MP:   9/9           EV: 24    Int:  9    God:    Trog [*****.]
Gold: 413           SH:  0    Dex: 15    Spells: 7/7 levels left
                                        Lives: 0   Deaths: 2

rFire   . . .      SeeInvis +     - Unarmed
rCold   . . .      Faith    +   (shield unavailable)
rNeg    + . .      Spirit   .   (armour unavailable)
rPois   .          Reflect  .   (helmet unavailable)
rElec   .          Harm     .   (cloak unavailable)
rCorr   .          Rampage  .   (gloves unavailable)
Will    +....                   (boots unavailable)
Stlth   +++.......              g - amulet of faith
HPRegen 0.10/turn               v - ring of positive energy
MPRegen 0.11/turn               e - +4 ring of evasion

@: drained, quick
A: very small, claws 1, fangs 3, see invisible, speed 1, shaggy fur 2, stealthy
paws, no weapons or thrown items, no armour, multi-lived
a: Renounce Religion, Berserk, Trog's Hand, Brothers in Arms


You were on level 9 of the Dungeon.
You worshipped Trog.
Trog was extremely pleased with you.
You visited 1 branch of the dungeon, and saw 9 of its levels.
You also visited: Ossuary.

You collected 441 gold pieces.
You spent 28 gold pieces at shops.

Inventory:

Jewellery
 e - a +4 ring of evasion (right paw)
 g - an amulet of faith (around neck)
 j - a ring of protection from cold
 l - a ring of magical power
 m - an amulet of magic regeneration
 v - a ring of positive energy (left paw)
Wands
 z - a wand of flame (21)
 A - a wand of mindburst (13)
Scrolls
 b - 2 scrolls of noise
 f - a scroll of teleportation {unknown}
 i - a scroll of holy word {unknown}
 o - 2 scrolls of immolation {unknown}
 s - a scroll of enchant armour {unknown}
 u - a scroll of enchant weapon {unknown}
 w - a scroll of brand weapon {unknown}
 x - a scroll of magic mapping {unknown}
 y - a scroll of identify
 C - a scroll of fog {unknown}
Potions
 a - 2 potions of brilliance
 c - a potion of flight
 d - 2 potions of magic
 h - a potion of mutation
 k - 2 potions of might
 n - 4 potions of curing
 q - a potion of degeneration {unknown}
 r - a potion of cancellation {unknown}
 t - a potion of haste
 B - a potion of attraction {unknown}


   Skills:
 - Level 3.0 Fighting
 + Level 7.1 Dodging
 + Level 4.3 Stealth
 * Level 12.7 Unarmed Combat


You had 7 spell levels left.
You didn't know any spells.
Your spell library was empty.

Dungeon Overview and Level Annotations

Branches:
Dungeon (9/15)             Temple (0/1) D:7            Lair (0/6) D:8
Ossuary (visited)
    Orc: D:9-12

Altars:
Ashenzari
Cheibriados
Gozag
Hepliaklqana
Kikubaaqudgha
Makhleb
Okawaru
Ru
Xom

Shops:
D:3 ?   D:4 ?*   D:6 *

Annotations:
D:5 5 runed translucent doors


Innate Abilities, Weirdness & Mutations

You have sharp claws.
You have razor-sharp teeth.
You have supernaturally acute eyesight. (SInv)
You cover ground quickly. (Speed+)
You are covered in thick fur. (AC +2)
Your paws help you pounce on unaware monsters.
You are incapable of wielding weapons or throwing items.
You cannot wear armour.
You gain extra lives every three experience levels.


Message History

Trog accepts your kill.
Items here: )) [[.
You start resting.
HP restored.
An acid dragon comes into view.
The acid dragon roars!
The acid dragon spits acid at you. The splash of acid misses you.
The acid dragon spits acid at you. The splash of acid hits you!!
Ouch! That really hurt!
* * * LOW HITPOINT WARNING * * *
You are too injured to fight recklessly!
You feel much better. The acid dragon bites you! The acid dragon misses you.
You scratch the acid dragon but do no damage.
You claw the acid dragon!
You bite the acid dragon, but do no damage.
The acid dragon is moderately wounded.
The acid dragon misses you. The acid dragon claws you.
You scratch the acid dragon.
The acid dragon is moderately wounded.
You claw the acid dragon!
You claw the acid dragon, but do no damage.
The acid dragon is severely wounded.
The acid dragon bites you! The acid dragon claws you.
You are too injured to fight recklessly!
You feel much better. The acid dragon spits acid at you.
The splash of acid hits you!!
Ouch! That really hurt!
* * * LOW HITPOINT WARNING * * *
You hear a shout!
You feel better. The acid dragon closely misses you.
The acid dragon misses you.
You are too injured to fight recklessly!
You feel better. The acid dragon spits acid at you.
The splash of acid hits you!!
Ouch! That really hurt!
You die...

#........####.........
#####'#### #.........
#D# #......... #.#
#........ #)#
######### ##.# #..#
##D#### #..@..#
#.....# #........#
####.....# ###.### #.#
#.# #.#


You could see an acid dragon (catching breath).

Vanquished Creatures
  A wyvern (D:9)
  A yak (D:9)
  2 steam dragons
  A water moccasin (D:5)
  An ice beast (D:5)
  An orc warrior (D:6)
  A sky beast (D:6)
  A black bear (D:4)
  2 necrophages
  2 ogres (D:4)
  A phantom (D:6)
  2 scorpions (D:4)
  5 water moccasin zombies (Ossuary)
  9 wights
  3 howler monkeys
  4 centaur zombies
  3 hounds (D:5)
  A jelly (D:7)
  A centaur skeleton (D:7)
  3 orc priests
  An iguana (D:4)
  4 orc wizards
  A killer bee zombie (D:8)
  A hound skeleton (D:4)
  2 mummies (Ossuary)
  2 howler monkey zombies
  2 howler monkey skeletons (D:7)
  4 adders
  A gnoll (D:5)
  5 white imps
  3 adder zombies (Ossuary)
  An adder skeleton (D:4)
  3 dart slugs
  23 orcs
  6 bats
  8 endoplasms
  17 giant cockroaches
  4 gnoll zombies (Ossuary)
  11 hobgoblins
  15 kobolds
  4 quokkas
  8 ball pythons
  A frilled lizard (D:3)
  7 goblins
  7 hobgoblin zombies (Ossuary)
  7 kobold zombies (Ossuary)
  2 orc zombies (Ossuary)
  9 rats
204 creatures vanquished.

Vanquished Creatures (others)
  A bush (D:8)
  5 fungi (D:8)
  15 plants (D:8)
21 creatures vanquished.

Grand Total: 225 creatures vanquished

Notes
Turn   | Place    | Note
-------+----------+-------------------------------------------
     0 | D:1      | Redcow54321 the Felid Berserker began the quest for the
                  | Orb.
     0 | D:1      | Reached XP level 1. HP: 10/10 MP: 2/2
   366 | D:1      | Reached XP level 2. HP: 11/14 MP: 3/3
   591 | D:1      | Reached skill level 4 in Unarmed Combat
   883 | D:2      | Reached XP level 3. HP: 14/17 MP: 4/4
  1304 | D:2      | Reached ** piety under Trog
  1907 | D:3      | Found Qioppoaj's Magic Scroll Shoppe.
  1949 | D:3      | Reached XP level 4. HP: 14/21 MP: 2/5
  2048 | D:3      | Bought a scroll of identify for 28 gold pieces
  2093 | D:3      | Reached skill level 5 in Unarmed Combat
  2573 | D:3      | Reached skill level 1 in Stealth
  3084 | D:4      | Found Archisua's Elemental Accessories.
  3103 | D:4      | Noticed an ogre
  3113 | D:4      | Killed an ogre
  3114 | D:4      | Reached skill level 6 in Unarmed Combat
  3114 | D:4      | Reached XP level 5. HP: 13/24 MP: 6/6
  3323 | D:4      | Found a burning altar of Makhleb.
  3335 | D:4      | Noticed a necrophage
  3340 | D:4      | Reached *** piety under Trog
  3354 | D:4      | Killed a necrophage
  3355 | D:4      | Gained mutation: You are covered in thick fur. (AC +2)
                  | [Felid growth]
  3355 | D:4      | Reached XP level 6. HP: 28/28 MP: 7/7
  3371 | D:4      | Found Durudd's Magic Scroll Emporium.
  3408 | D:4      | Reached skill level 7 in Unarmed Combat
  3700 | D:4      | Found a sacrificial altar of Ru.
  3717 | D:4      | Reached XP level 7. HP: 22/31 MP: 8/8
  3721 | D:4      | Reached skill level 8 in Unarmed Combat
  3992 | D:5      | Entered Level 5 of the Dungeon
  4322 | D:5      | Found an iron altar of Okawaru.
  4384 | D:5      | Reached skill level 5 in Dodging
  4384 | D:5      | Reached skill level 9 in Unarmed Combat
  4523 | D:5      | Reached XP level 8. HP: 14/34 MP: 9/9
  4749 | D:5      | Found a runed translucent door.
  4752 | D:5      | Found a runed translucent gate.
  4753 | D:5      | Found a runed translucent gate.
  4762 | D:5      | Found a runed translucent gate.
  4770 | D:5      | Reached **** piety under Trog
  4954 | D:5      | Found the +9 staff of Olgreb {rPois∞}
  4957 | D:5      | Found a runed translucent door.
  5516 | D:6      | Found Bong's General Store.
  5521 | D:6      | Found a sand-covered staircase.
  5548 | D:6      | Reached skill level 10 in Unarmed Combat
  5561 | Ossuary  | Entered an ossuary
  5835 | Ossuary  | Reached ***** piety under Trog
  6016 | D:6      | Reached skill level 11 in Unarmed Combat
  6081 | D:6      | Found a shimmering altar of Xom.
  6480 | D:6      | Found a hazy altar of Hepliaklqana.
  6494 | D:6      | Found an ancient bone altar of Kikubaaqudgha.
  6536 | D:6      | Found an opulent altar of Gozag.
  6568 | D:6      | Found a snail-covered altar of Cheibriados.
  7143 | D:8      | Reached XP level 9. HP: 34/37 MP: 10/10
  7699 | D:7      | Found a staircase to the Ecumenical Temple.
  7956 | D:8      | Reached skill level 12 in Unarmed Combat
  7986 | D:8      | Found a broken altar of Ashenzari.
  8072 | D:8      | Found a staircase to the Lair.
  8078 | D:8      | Slain by a water moccasin
  8079 | D:8      | Reached XP level 8. HP: -1/34 MP: 9/9
  8084 | D:8      | HP: 2/51 [wyvern (7)]
  8085 | D:8      | Slain by a wyvern
  8086 | D:8      | Reached XP level 7. HP: 0/46 MP: 8/8
  8103 | D:9      | Killed a yak
  8114 | D:9      | Noticed a wyvern
  8120 | D:9      | Killed a wyvern
  8311 | D:9      | Reached XP level 8. HP: 34/34 MP: 9/9
  8686 | D:9      | Killed from afar by an acid dragon

Illustrated notes

Levels and vault maps discovered:
D:1:      dpeg_arrival_simpleton_a, layout_rooms
D:2:      layout_basic, minmay_rat_gold_closets
D:3:      minmay_roachtagon, layout_rooms, serial_shops, nicolae_shop_crystal,
          minmay_misc_feat_more_columns
D:4:      layout_rooms, nicolae_ru_awakened_eye,
          mainiacjoe_overflow_surrounded_room, serial_shops, shop,
          nicolae_elemental_shop
D:5:      layout_rooms, okawaru_altar_gauntlet_db, hex_large,
          minmay_guarded_unrand_staff_of_olgreb
D:6:      layout_basic, mainiacjoe_overflow_two_lobes,
          mainiacjoe_overflow_big_doors, general_overflow_altar,
          nicolae_ossuary_entry_ruins, serial_shops, shop
D:7:      layout_loops_ring, minmay_temple_entry_fiery, hex_medium
D:8:      layout_basic, lemuel_round_altar, minmay_lair_entry_grove
D:9:      layout_roguey [special_room_orc], old_standard_altar, orc_0_dummy,
          nicolae_wwwww

Skill      XL: |  1  2  3  4  5  6  7  8  9 |
---------------+----------------------------+-----
Unarmed Combat | 4 6 7 9 11 12 | 12.7
Stealth        | 1 2 3 4 |  4.3
Dodging        | 5 7 |  7.1
Fighting       | |  3.0

Action                   |  1- 3 |  4- 6 |  7- 9 || total
-------------------------+-------+-------+-------++-------
Melee: Unarmed           |   110 |   119 |   386 ||   615
       Bite              |    13 |    10 |    45 ||    68
       Punch             |     2 |     2 |    25 ||    29
Invok: Berserk           |       |     3 |     2 ||     5
       Trog's Hand       |       |       |     1 ||     1
  Use: Scroll            |       |     3 |     4 ||     7
       Potion            |       |     1 |     6 ||     7
 Stab: Sleeping          |     3 |     2 |     6 ||    11
Armor: Skin              |     3 |     7 |    19 ||    29
Dodge: Dodged            |    70 |    90 |   272 ||   432

Table legend: (Time is in decaauts)
 A = Elapsed time spent in this place.
 B = Non-inter-level travel time spent in this place.
 C = Inter-level travel time spent in this place.
 D = Time resting spent in this place.
 E = Time spent auto-exploring this place.
 F = Levels seen in this place.
 G = Mean time per level.
                   A        B        C        D        E       F      G
               +--------+--------+--------+--------+--------+-----+--------+
         Total |   7835 |   7676 |    159 |   1466 |   4901 |  10 |  783.5 |
       Dungeon |   7446 |   7287 |    159 |   1373 |   4721 |   9 |  827.3 |
       Ossuary |    389 |    389 |      0 |     93 |    180 |   1 |  389.0 |
               +--------+--------+--------+--------+--------+-----+--------+

Top non-repeatable levels by time:
     D:5: 1155 daAuts
     D:4: 1027 daAuts
     D:6: 947 daAuts
     D:3: 946 daAuts
     D:2: 894 daAuts
     D:1: 795 daAuts
     D:8: 716 daAuts
     D:7: 568 daAuts
     D:9: 393 daAuts
 Ossuary: 389 daAuts
